 Dungeon Crawl Stone Soup version 0.26-a0-690-gcb57259078 (webtiles) character file.

Game seed: 3356361119449352455

58 Descartes the Gusty (level 3, 0/19 HPs)
             Began as a Deep Elf Air Elementalist on Oct 24, 2020.
             Slain by a bullfrog (8 damage)
             ... on level 2 of the Dungeon.
             The game lasted 00:03:49 (1587 turns).

Descartes the Gusty (Deep Elf Air Elementalist)     Turns: 1587, Time: 00:03:49

Health: 0/19       AC:  4    Str:  5    XL:     3   Next: 75%
Magic:  0/9        EV: 13    Int: 20    God:
Gold:   60         SH:  0    Dex: 15    Spells: 7/8 levels left

rFire    . . .     SeeInvis .   i - -2 hand axe (curse)
rCold    . . .     Faith    .   (no shield)
rNeg     . . .     Spirit   .   a - +0 robe
rPois    .         Reflect  .   j - +0 helmet
rElec    .         Harm     .   (no cloak)
rCorr    .         Rampage  .   m - +0 pair of gloves
MR       .....                  (no boots)
Stlth    ++........             (no amulet)
HPRegen  0.06/turn              (no ring)
MPRegen  0.11/turn              (no ring)

@: mighty
A: no striking features
a: no special abilities


You were on level 2 of the Dungeon.
You visited 1 branch of the dungeon, and saw 2 of its levels.

You collected 60 gold pieces.

Inventory:

Hand Weapons
 i - a cursed -2 hand axe (weapon)
 p - a +3 dagger
Missiles
 e - 64 stones (quivered)
 g - 15 arrows
Armour
 a - a +0 robe (worn)
 j - a +0 helmet (worn)
 m - a +0 pair of gloves (worn)
Scrolls
 c - a scroll of noise {unknown}
 d - 2 scrolls of teleportation {unknown}
 h - a scroll of immolation {unknown}
 n - a scroll of enchant weapon {unknown}
 o - a scroll of remove curse {unknown}
Potions
 b - a potion of might
 f - a potion of invisibility {unknown}
 k - a potion of curing
 l - a potion of stabbing {unknown}


   Skills:
 - Level 3.0 Dodging
 - Level 3.0 Stealth
 - Level 3.0 Spellcasting
 + Level 2.5 Conjurations
 + Level 3.7 Air Magic


You had 7 spell levels left.
You knew the following spells:

 Your Spells              Type           Power        Failure   Level
a - Shock                 Conj/Air       ###.         4%          1

Your spell library contained the following spells:

 Spells                   Type           Power        Failure   Level
 Swiftness                Air            ###.....     4%          2
 Static Discharge         Conj/Air       ###.....     12%         3
 Airstrike                Air            ###.......   30%         4
 Lightning Bolt           Conj/Air       ###.......   73%         5


Dungeon Overview and Level Annotations

Branches:
Dungeon (2/15)

Altars:


Message History

The bullfrog barely misses you.
Casting: Shock (safe; 4% risk of failure)
Confirm with . or Enter, or press ? or * to list all spells.
You don't have enough magic to cast that spell.
Unknown command.
Casting: Shock (safe; 4% risk of failure)
Confirm with . or Enter, or press ? or * to list all spells.
You don't have enough magic to cast that spell.
You hit the bullfrog but do no damage. The bullfrog hits you. x2
It was a potion of curing.
You feel better. The bullfrog barely misses you.
It was a potion of might.
You feel very mighty all of a sudden. The bullfrog barely misses you.
The bullfrog misses you.
You slash the bullfrog!
The bullfrog is heavily wounded.
The bullfrog hits you. x2
You hit the bullfrog.
The bullfrog is severely wounded.
The bullfrog hits you!
You die...

# #.########
# # #.# ..
.... #.# ...
#### #.#
....
#.#####l....
#.##...w..F.
#.##)#
#.##F#
#.##@###
#...†..#
#......#
#†.....#
#.)....#
#......#
#.###### ..#
#..


You could see a bullfrog.

Vanquished Creatures
  A gnoll (D:1)
  2 adders (D:2)
  A worm (D:2)
  2 dart slugs (D:2)
  A leopard gecko (D:1)
  A giant cockroach (D:1)
  3 hobgoblins
  3 kobolds
  2 ball pythons
  5 bats
  A frilled lizard (D:2)
  3 goblins
25 creatures vanquished.

Notes
Turn   | Place    | Note
-------+----------+-------------------------------------------
     0 | D:1      | Descartes the Deep Elf Air Elementalist began the quest for
                  | the Orb.
     0 | D:1      | Reached XP level 1. HP: 10/10 MP: 6/6
    61 | D:1      | Reached XP level 2. HP: 15/15 MP: 1/8
  1372 | D:2      | Reached XP level 3. HP: 18/19 MP: 2/9
  1470 | D:2      | Found a faded altar of an unknown god.
  1554 | D:2      | Noticed a bullfrog
  1587 | D:2      | Slain by a bullfrog

Illustrated notes

Levels and vault maps discovered:
D:1:      tarquinn_simple_flora_water_e, layout_basic
D:2:      layout_basic, nicolae_ru_awakened_eye,
          chequers_ecumenical_altar_simple_redux

Skill      XL: |  1  2 |
---------------+-------+-----
Stealth        | 3 |  3.0
Dodging        | 3 |  3.0
Conjurations   | 2 |  2.5
Spellcasting   | |  3.0
Air Magic      | |  3.7

Action                   || total
-------------------------++-------
Melee: Hand axe          ||     6
 Cast: Shock             ||    60
  Use: Potion            ||     2
Armor: Robe              ||     4
Dodge: Dodged            ||    11

Table legend: (Time is in decaauts)
 A = Elapsed time spent in this place.
 B = Non-inter-level travel time spent in this place.
 C = Inter-level travel time spent in this place.
 D = Time resting spent in this place.
 E = Time spent auto-exploring this place.
 F = Levels seen in this place.
 G = Mean time per level.
                   A        B        C        D        E       F      G
               +--------+--------+--------+--------+--------+-----+--------+
         Total |   1587 |   1558 |     29 |      0 |   1412 |   2 |  793.5 |
       Dungeon |   1587 |   1558 |     29 |      0 |   1412 |   2 |  793.5 |
               +--------+--------+--------+--------+--------+-----+--------+

Top non-repeatable levels by time:
     D:1: 1243 daAuts
     D:2: 344 daAuts
